Map: Coda LE (Void)

Players

Seluj - Winner!

  • Race: Terran Terran

AgCl

  • Race: Protoss Protoss

VOD

Have the link to the VOD?

Description

Time

  • Played on: May 3, 2015, 9:44 p.m.
  • Length: 7:53
Show
View Real Time Build Order
Export as new Build Order

Seluj Terran - Winner!

Build Orders: Reaper Expand 

Get SALT Encoding   

  12  0:01  SCV  
  13  0:14  Supply Depot  
  13  0:18  SCV  
  14  0:30  SCV  
  15  0:40  Refinery  
  15  0:43  Barracks  
  15  0:46  SCV  
  16  0:58  SCV  
  17  1:10  SCV  
  18  1:30  Orbital Command  
  18  1:31  Reaper  
  19  1:49  Command Center  
  19  1:56  SCV  
  20  2:06  Factory  
  20  2:09  Marine  
  20  2:11  SCV  
  22  2:18  Supply Depot  
  22  2:23  SCV  
  22  2:55  Marine  
  22  3:06  Orbital Command  
  22  3:13  Widow Mine  
  24  3:21  Starport, Barracks  
  24  3:24  Command Center  
  24  3:35  SCV x2  
  24  3:36  Barracks Reactor  
  26  3:47  Widow Mine  
  25  4:09  Viking  
  16  4:27  Marine x2  
  16  4:40  Marine  
  16  4:45  Marine  
  18  4:50  Marine  
  17  5:03  Marine  
  14  5:12  Marine  
  15  5:15  Marine  
  6  6:29  Orbital Command  
  6  6:39  Orbital Command  
  6  6:47  Hellion  
  8  7:07  SCV  
  9  7:11  SCV  
  10  7:23  Hellion  
  12  7:30  SCV  
  12  7:31  SCV, Refinery  
Show
View Real Time Build Order
Export as new Build Order

AgCl Protoss 

Build Orders: Oracle Opening, Oracle Opening 

Get SALT Encoding   

  12  0:12  Pylon  
  12  0:14  Probe  
  13  0:26  Probe  
  14  0:38  Probe  
  15  0:50  Gateway  
  15  0:51  Probe  
  16  0:59  Assimilator  
  16  1:03  Probe  
  17  1:07  Pylon  
  17  1:15  Probe (Chrono Boost)  
  18  1:25  Assimilator  
  19  1:27  Probe (Chrono Boost)  
  19  1:33  Probe (Chrono Boost)  
  19  1:37  Zealot (Chrono Boost)  
  22  1:42  Cybernetics Core  
  22  1:44  Probe (Chrono Boost)  
  24  1:56  Probe (Chrono Boost)  
  24  2:02  Probe (Chrono Boost)  
  25  2:13  Probe (Chrono Boost)  
  26  2:18  Stargate  
  26  2:21  Warp Gate  
  26  2:25  Probe (Chrono Boost)  
  27  2:35  Mothership Core (Chrono Boost)  
  25  3:09  Oracle  
  28  3:21  Nexus  
  28  3:27  Probe (Chrono Boost), Forge  
  29  3:36  Probe (Chrono Boost)  
  30  3:51  Probe  
  25  4:03  Probe, Oracle (Chrono Boost)  
  27  4:16  Probe  
  27  4:28  Probe  
  19  5:02  Stalker  
Tags
 
Add a new tag
Caveats
  • Supply blocks, unpowered buildings, or Contaminate may cause inaccurate times.
  • Supply counts are checked every 10 seconds.